 Dungeon Crawl Stone Soup version 0.28.0-1-gb440e238dd (webtiles) character file.

Game seed: 16013016578947122742

2642 cbfl8 the Protected (level 9, -8/78 HPs)
             Began as a Minotaur Berserker on Feb 21, 2022.
             Was an Elder of Trog.
             Mangled by an orc warrior (21 damage)
             ... on level 8 of the Dungeon on Feb 22, 2022.
             The game lasted 00:16:38 (6872 turns).

cbfl8 the Protected (Minotaur Berserker)            Turns: 6872, Time: 00:16:38

Health: -8/78      AC: 11    Str: 23    XL:     9   Next: 35%
Magic:  8/8        EV: 12    Int: 12    God:    Trog [****..]
Gold:   139        SH:  0    Dex: 11    Spells: 8/8 levels left

rFire   . . .      SeeInvis .   y - +2 halberd (vorpal)
rCold   . . .      Faith    .   (shield currently unavailable)
rNeg    . . .      Spirit   .   o - +0 scale mail
rPois   .          Reflect  .   (helmet restricted)
rElec   .          Harm     .   (no cloak)
rCorr   .          Rampage  .   k - +2 pair of gloves
Will    .....                   (no boots)
Stlth   ..........              u - amulet of regeneration
HPRegen 1.03/turn               l - +6 ring of intelligence
MPRegen 0.11/turn               (no ring)

@: on berserk cooldown, attractive, slowed, studying Crossbows, very slow
A: horns 2, retaliatory headbutt
a: Renounce Religion, Berserk, Trog's Hand, Brothers in Arms


You were on level 8 of the Dungeon.
You worshipped Trog.
Trog was greatly pleased with you.
You visited 2 branches of the dungeon, and saw 9 of its levels.

You collected 240 gold pieces.
You spent 101 gold pieces at shops.

Inventory:

Hand Weapons
 a - a +0 hand axe
 t - a +0 quarterstaff of flaming
 y - a +2 vorpal halberd (weapon)
 A - a +2 long sword of freezing
Armour
 b - a +0 animal skin
 k - a +2 pair of gloves (worn)
 o - a +0 scale mail (worn)
Jewellery
 l - a +6 ring of intelligence (left hand)
 u - an amulet of regeneration (around neck)
 B - an amulet of faith
Wands
 s - a wand of mindburst (12)
 w - a wand of acid (10)
 F - a wand of paralysis (4)
Scrolls
 d - 3 scrolls of teleportation {unknown}
 e - 3 scrolls of enchant weapon {unknown}
 g - 2 scrolls of fog {unknown}
 i - a scroll of holy word {unknown}
 j - a scroll of blinking {unknown}
 m - a scroll of magic mapping {unknown}
 q - 7 scrolls of identify {unknown}
 r - 2 scrolls of enchant armour {unknown}
 v - a scroll of noise {unknown}
 D - 2 scrolls of immolation {unknown}
 E - a scroll of vulnerability {unknown}
Potions
 c - a potion of berserk rage {unknown}
 h - a potion of cancellation {unknown}
 n - 3 potions of attraction
 p - a potion of heal wounds {unknown}
 x - a potion of mutation {unknown}
 z - a potion of might {unknown}
 C - a potion of haste {unknown}


   Skills:
 + Level 6.7 Fighting
 + Level 6.3(7.3) Axes
 + Level 5.7(7.9) Polearms
 + Level 5.4(6.6) Staves
 + Level 8.6 Armour
 + Level 5.5 Dodging
 + Level 2.0 Stealth


You had 8 spell levels left.
You didn't know any spells.
Your spell library contained the following spells:

 Spells                   Type           Power      Damage    Failure   Level
 Ensorcelled Hibernation  Hex/Ice        0%         N/A       73%         2
 Passwall                 Tmut/Erth      0%         N/A       73%         2
 Conjure Flame            Conj/Fire      0%         6-21      91%         3
 Ignite Poison            Fire/Tmut/Pois 0%         N/A       91%         3
 Stone Arrow              Conj/Erth      0%         3d7       91%         3
 Swiftness                Air            0%         N/A       91%         3
 Animate Armour           Summ/Erth      0%         N/A       100%        4
 Sticky Flame             Conj/Fire      0%         2d3       100%        4
 Lehudib's Crystal Spear  Conj/Erth      0%         10d2      100%        8


Dungeon Overview and Level Annotations

Branches:
Dungeon (7/15)             Temple (1/1) D:4

Altars:
Ashenzari
Cheibriados
Dithmenos
Elyvilon
Fedhas
Gozag
Hepliaklqana
Makhleb
Qazlal
Ru
Trog
Uskayaw
Vehumet
Wu Jian
Xom
Yredelemnul
Zin
The Shining One

Shops:
D:4 *


Innate Abilities, Weirdness & Mutations

You have a pair of horns on your head.
You reflexively headbutt those who attack you in melee.


Message History

You puncture the wyvern!
You kill the wyvern!
Trog accepts your kill.
You are no longer berserk.
You are exhausted.
You feel yourself slow down.
A yak comes into view.
The orc warrior hits you with a +0 battleaxe!
Your life force feels restored.
Something hits you but does no damage. The orc warrior closely misses you.
Something hits you.
Things that are here:
a +0 trident; a wyvern corpse; an orc corpse You hit something.
The orc warrior hits you with a +0 battleaxe!
Something hits you. The orc warrior misses you.
Unknown command.
You closely miss something.
You hear some strange, mumbled words.
A puff of flame appears from out of thin air!
The puff of flame misses you.
The orc warrior hits you with a +0 battleaxe!
Something hits you but does no damage.
The orc warrior hits you with a +0 battleaxe!!
* * * LOW HITPOINT WARNING * * *
It was a potion of attraction.
You feel attractive to monsters. Something barely misses you.
The orc warrior closely misses you. Something hits you but does no damage.
It was a potion of curing.
You feel better.
The orc warrior hits you with a +0 battleaxe.
* * * LOW HITPOINT WARNING * * *
Something completely misses you. The orc warrior closely misses you.
You feel better. Something barely misses you.
The orc warrior hits you with a +0 battleaxe!!
* * * LOW HITPOINT WARNING * * *
Something hits you but does no damage.
You feel better.
The orc warrior hits you with a +0 battleaxe!!
You die...

.... #.[..#..#.#.#
####.# ..###
#....#.##.#.######.#
.
#....#....#........#
#....######..#######
#.(..### #.....#
#......# ##.##.#
#....#.# #.##.#
#..o.#.# #.##.#
####@# . #.##.# #{#
#..... #Y# #.....


#oo #..... YY# .Y# ..# .... You could see 4 yaks, an orc warrior, an orc priest
and an orc.

Vanquished Creatures
  Pikel (D:4)
  A wyvern (D:8)
  A steam dragon (D:6)
  A water moccasin (D:6)
  A sky beast (D:6)
  A black bear (D:6)
  2 ogres
  A centaur (D:5)
  A phantom (D:5)
  A kobold brigand (D:8)
  2 scorpions
  A water moccasin zombie (D:6)
  2 water moccasin skeletons
  5 wights
  A bullfrog zombie (D:5)
  A centaur zombie (D:6)
  4 hounds
  A bullfrog skeleton (D:5)
  2 centaur skeletons
  An orc priest (D:5)
  A gnoll shaman (D:5)
  3 iguanas
  3 orc wizards
  2 howler monkey zombies
  A howler monkey skeleton (D:5)
  8 gnolls
  3 adders
  A shadow imp (D:6)
  A white imp (D:6)
  An ufetubus (D:5)
  An adder skeleton (D:5)
  4 worms
  5 dart slugs
  11 orcs
  5 endoplasms
  2 giant cockroaches (D:1)
  11 goblins
  8 hobgoblins
  4 quokkas
  6 ball pythons
  7 bats
  6 frilled lizards
  11 kobolds
  4 rats
140 creatures vanquished.

Notes
Turn   | Place    | Note
-------+----------+-------------------------------------------
     0 | D:1      | cbfl8 the Minotaur Berserker began the quest for the Orb.
     0 | D:1      | Reached XP level 1. HP: 19/19 MP: 0/0
   112 | D:1      | Reached XP level 2. HP: 10/27 MP: 1/1
   142 | D:1      | Found a faded altar of an unknown god.
  1128 | D:1      | Reached XP level 3. HP: 24/33 MP: 2/2
  1363 | D:1      | Reached ** piety under Trog
  1572 | D:2      | Reached XP level 4. HP: 28/41 MP: 3/3
  2022 | D:2      | Reached skill level 5 in Axes
  3726 | D:4      | Found Ceynk's Fire Supplies.
  3754 | D:4      | Found a staircase to the Ecumenical Temple.
  3769 | Temple   | Entered the Ecumenical Temple
  4163 | D:4      | Reached XP level 5. HP: 47/47 MP: 4/4
  4224 | D:4      | Bought a +0 quarterstaff of flaming for 101 gold pieces
  4440 | D:4      | Reached *** piety under Trog
  4707 | D:4      | Noticed an ogre
  4715 | D:4      | Killed an ogre
  4716 | D:4      | Reached skill level 5 in Fighting
  4716 | D:4      | Reached skill level 1 in Staves
  4716 | D:4      | Reached skill level 3 in Armour
  4716 | D:4      | Reached skill level 1 in Stealth
  4923 | D:4      | Noticed Pikel
  4923 | D:4      | Noticed a lemure
  4923 | D:4      | Noticed a lemure
  4923 | D:4      | Noticed a lemure
  4923 | D:4      | Noticed a lemure
  4926 | D:4      | Killed Pikel
  4927 | D:4      | Reached skill level 4 in Armour
  4927 | D:4      | Reached XP level 6. HP: 56/56 MP: 5/5
  4927 | D:4      | Reached XP level 7. HP: 61/61 MP: 6/6
  5016 | D:5      | Entered Level 5 of the Dungeon
  5041 | D:5      | Reached skill level 5 in Armour
  5348 | D:5      | Reached skill level 5 in Staves
  5348 | D:5      | Reached XP level 8. HP: 42/70 MP: 7/7
  5356 | D:5      | Reached skill level 6 in Armour
  5764 | D:5      | Reached skill level 1 in Polearms
  5899 | D:5      | Reached skill level 7 in Armour
  6252 | D:6      | Reached skill level 5 in Dodging
  6252 | D:6      | Reached XP level 9. HP: 63/75 MP: 8/8
  6587 | D:6      | Reached **** piety under Trog
  6728 | D:7      | You fall into a shaft and drop 1 floor!
  6764 | D:8      | Reached skill level 5 in Polearms
  6764 | D:8      | Reached skill level 8 in Armour
  6871 | D:8      | HP: 1/78 [orc warrior (21)]
  6872 | D:8      | Mangled by an orc warrior

Illustrated notes

Levels and vault maps discovered:
D:1:      sevenhm_arrival_forest_fort_small_1, layout_basic,
          ebering_ecumenical_altar_ruins
D:2:      layout_loops_cross
D:3:      layout_loops_corners
D:4:      layout_gridville, minmay_temple_entry_stoned_glass,
          nicolae_shop_fire_sale [nicolae_sub_dead_trees], uniq_pikel
D:5:      layout_basic, minmay_manual_moon
D:6:      layout_rooms
D:7:      layout_basic, kiku_gazebo_garden_becter
D:8:      layout_basic, nicolae_overflow_squiral
Temple:   hc_temple_tempest_star

Skill      XL: |  1  2  3  4  5  6  7  8  9 |
---------------+----------------------------+-----
Axes           | 4 5 6 |  6.3
Fighting       | 4 5 6 |  6.7
Staves         | 3 5 |  5.4
Armour         | 4 5 7 8 |  8.6
Dodging        | 3 4 5 |  5.5
Stealth        | 1 2 |  2.0
Polearms       | 4 5 |  5.7

Action                   |  1- 3 |  4- 6 |  7- 9 || total
-------------------------+-------+-------+-------++-------
Melee: Hand axe          |    56 |    58 |       ||   114
       Headbutt          |    10 |    11 |    37 ||    58
       Quarterstaff      |       |    22 |    16 ||    38
       Halberd           |       |       |   153 ||   153
Invok: Berserk           |     1 |     1 |     5 ||     7
       Trog's Hand       |       |       |     1 ||     1
  Use: Potion            |       |       |     4 ||     4
 Stab: Sleeping          |       |     1 |       ||     1
Armor: Animal skin       |    12 |    12 |       ||    24
       Scale mail        |       |    20 |   169 ||   189
Dodge: Dodged            |    55 |    71 |   212 ||   338
